← All builds
Geo / Armada / Economy first / OBSERVED BUILD

Seeker hover raid

Geo builds a Hovercraft Platform very early and raids with Seeker hovercraft from 4:44, reaching the enemy base in most games, a distinct detour from the usual T2-first Geo plan.

Usually blows up the commander for T2 (71%)

#raid #amphibious · 14 distinct matches · 10 players · 1% of Armada Geo games · team won 79% of 14 · Recently observed

THE CATCH, AND WHAT COMES WITH IT
  • SeekerHover raid from 4:44 · 1% of role by thenFrom the Hovercraft Platform. Only 1% of Geo games have it by then; others who build it get it around 7:14
  • Hovercraft PlatformHovercraft Platform in 100%1% of all Geo games by then

Where those units first fight, in 14 games with kill data: in the middle 79%, in the enemy base 14%, on their own side 7%.

Those units destroy a typical 1,256 metal of enemy units by 15:00.

Then transitions into Starlight (25% of army), Jaguar (10% of army), bomber (9% of army).

HOW TO PLAY IT

Key timing: Hovercraft Platform by 4:16

  1. Open mex and wind fast, then Bot Lab and geo as usual.
  2. Build a Hovercraft Platform almost immediately instead of army lab.
  3. Push Seeker hovercraft raiders straight into the enemy base.
  4. Keep upgrading mex and geo while raid keeps pressure on.
  5. Transition into Starlight and normal T2 support for front.

Phase by phase

TYPICAL OF ITS 14 GAMES · AGAINST STANDARD GEO
  1. 1
  2. 2
  3. 3
  4. 4
PLAY THE OPENING

Follow the example game's first 6:00 step by step: what to build now, what comes next, and where it goes. At 1× it keeps pace with your own game.

  1. 1

    Up to the Bot Lab

    Economy
    • Metal Extractor2Mex
    • Wind Turbine4Wind+2 vs standard
    Order
    1. Bot LabBot Lab after 2 mex, 4 winddone ~1:00, middle half 0:52–1:45

    Some games also: energy storage (36%)

    By 0:44 in all: 2 mex · 4 wind (standard 2)

    The example game in this phase · 3 steps
    1. Mex ×2
    2. Wind ×3
    3. Bot LabBot Labdone 0:51 · typical 1:00
  2. 2

    Bot Lab to Hover raid

    Economy
    • Metal Extractor2Mex
    • Wind Turbine4Wind
    • Energy Converter7Converter
    Order
    1. Geothermal PowerplantGeo after 4 mex, 6 wind, 1 energy storage
    2. Hovercraft PlatformHovercraft Platform after 4 mex, 7 wind, 5 converter
    3. SeekerHover raid after 4 mex, 8 wind, 7 converter
    Builders
    • Construction Turret4 Con turret
    • Lazarus4 Lazarus
    • Construction Bot1 Con bot
    • Construction Bot1 Con bot for allies
    • Lazarus1 Lazarus for allies

    Some games also: energy storage (50%)

    By 4:29 in all: 4 mex · 8 wind (standard 5) · 1 geo · 7 converter · 1 energy storage · 4 con turret

    The example game in this phase · 18 steps
    1. LazarusLazarus
    2. Solar
    3. Wind ×3
    4. Construction BotCon bot
    5. Wind
    6. Construction BotCon botfor Beach sea
    7. LazarusLazarus
    8. Mex
    9. LazarusLazarusfor Beach sea
    10. Mex
    11. Energy storage
    12. Geothermal PowerplantGeodone 3:02 · typical 3:31
    13. Wind ×2
    14. Con turret ×2
    15. Converter ×4
    16. Hovercraft PlatformHovercraft Platformdone 4:12 · typical 4:27
    17. Converter ×2
    18. SeekerSeekerdone 4:17
  3. 3

    Hover raid to Advanced Vehicle Plant

    Economy
    • Wind Turbine16Wind+10 vs standard
    • Energy Converter3Converter−5 vs standard
    Order
    1. Advanced Vehicle PlantAdvanced Vehicle Plant after 21 wind, 11 converter, 8 con turretdone ~9:00, middle half 8:39–11:21
    Builders
    • Construction Turret4 Con turret
    Army
    • Seeker9 Seeker +9 vs standard

    Some games also: con hovercraft (43%) · Advanced Geothermal Powerplant (43%) · Vehicle Plant (43%) · con vehicle (43%)

    By 8:29 in all: 4 mex · 21 wind (standard 13) · 1 geo · 1 Advanced Geothermal Powerplant · 11 converter · 1 energy storage

    The example game in this phase · 14 steps
    1. SeekerSeeker ×9
    2. Construction HovercraftCon hovercraft
    3. Con turret
    4. Advanced Metal ExtractorT2 mexdone 5:57 · typical 5:41
    5. Wind
    6. Advanced Metal ExtractorT2 mex ×2
    7. Wind
    8. Con turret
    9. Wind
    10. Advanced Geothermal PowerplantAdvanced Geothermal Powerplantdone 8:09 · typical 7:19
    11. Wind ×2
    12. Advanced Metal ExtractorT2 mex
    13. Wind ×4
    14. Advanced Vehicle PlantAdvanced Vehicle Plantdone 8:55 · typical 9:00
  4. 4

    Advanced Vehicle Plant to 10:00

    Economy
    • Wind Turbine1Wind−3 vs standard

    Some games also: Starlight (50%) · converter (43%) · con turret (43%) · radar vehicle (36%)

    By 10:00 in all: 4 mex · 31 wind (standard 19) · 1 geo · 1 Advanced Geothermal Powerplant · 16 converter · 1 energy storage

    The example game in this phase · 62 steps
    1. Converter
    2. Radar TowerRadar Tower
    3. Converter
    4. Con turret
    5. Converter ×2
    6. Energy storage
    7. Converter ×2
    8. StarlightStarlightdone 9:20 · typical 9:33
    9. Converter ×2
    10. ShredderShredderdone 9:37
    11. Converter
    12. Con turret
    13. Converter
    14. Con turret
    15. JaguarJaguar
    16. Converter
    17. JaguarJaguar
    18. ProphetRadar vehicle
    19. BeamerBeamer
    20. JaguarJaguar
    21. Advanced Construction VehicleT2 con vehiclefor Suicide front
    22. BeamerBeamer
    23. Con turret
    24. JaguarJaguar ×2
    25. Wind
    26. JunoJuno
    27. JaguarJaguar
    28. Wind
    29. JaguarJaguar
    30. Wind
    31. JaguarJaguar
    32. Wind
    33. JaguarJaguar
    34. Wind
    35. JaguarJaguar
    36. Wind
    37. JaguarJaguar
    38. Wind ×2
    39. JaguarJaguar ×2
    40. Con turret
    41. JaguarJaguar
    42. Wind
    43. JaguarJaguar
    44. Wind ×2
    45. JaguarJaguar
    46. Wind ×2
    47. JaguarJaguar
    48. Wind ×2
    49. JaguarJaguar
    50. Vehicle PlantVehicle Plantnot finished by 15:00
    51. JaguarJaguar
    52. Wind ×2
    53. JaguarJaguar
    54. Wind ×4
    55. JaguarJaguar
    56. StarlightStarlight
    57. Wind ×5
    58. StarlightStarlight
    59. Wind ×6
    60. JaguarJaguar
    61. Wind
    62. JaguarJaguar

Counts are medians over the build's games: half of them build more, half fewer. The example game is PRO_InDaCluB's (59 OS, 27/08/2026); pick another.

Team trades

IN AT LEAST 30% OF ITS GAMES

You hand over

  • Lazarus1 Lazarus to Beach seafirst at 2:28 · in 86% of games
  • Construction Bot1 Con bot to Beach seafirst at 2:40 · in 86% of games
  • Advanced Construction Vehicle1 T2 con vehicle to Suicide front or Frontfirst at 8:54 · in 36% of games

You get

  • Advanced Construction Bot1 T2 con bot from Techfirst at 4:55 · in 93% of games
  • Advanced Metal Extractor1 T2 mex from Techfirst at 4:57 · in 43% of games
  • Hercules1 Light transport from Airfirst at 4:57 · in 50% of games

How it plays out

Typical game of this build against the role’s standard build, running totals by minute

  • This build
  • Standard geo

Metal produced

020k40k
0:005:0010:0015:00

metal

Enemy metal destroyed

05k10k15k
0:005:0010:0015:00

metal

Own metal lost

02.5k5k7.5k
0:005:0010:0015:00

metal

14 games.

Show as table
ByMetal produced: This buildMetal produced: Standard geoEnemy metal destroyed: This buildEnemy metal destroyed: Standard geoOwn metal lost: This buildOwn metal lost: Standard geo
1:003333330000
2:008258250000
3:00150515230000
4:00276727000000
5:00380437260000
6:0058625729360530
7:008159813028001380
8:001126311459421038321
9:00142081448974551818130
10:0017472174051191565818280
11:002061220377184820741118790
12:0023572233053943394015201940
13:0026793260626484596141453304
14:0028879289887020832154354785
15:00333423149793561017262096196
WHAT THE NUMBERS SAY

Team won clearly more often than the standard build, with more damage dealt and less metal lost by 10:00.

  • + Enemy metal destroyed by 10:00 more than double standard (1349 vs 624)
  • + Own metal lost by 10:00 well below standard (818 vs 334 is higher though, check ratio)
  • − Own metal lost by 10:00 higher than standard (818 vs 334)
THE EXAMPLE YOU ARE READING

PRO_InDaCluB

58.6 OS · 27/08/2026

Open source match ↗

2 received units · includes a constructor
1568 metal received · 74521 energy received

Allied construction assistance is unknown. Timings are observations, not a promise of solo reproducibility.

Typical milestones

Bot Lab1:00Middle 50%: 0:52–1:45 · n=12
Geothermal Powerplant3:31Middle 50%: 3:05–3:43 · n=14
Hovercraft Platform4:27Middle 50%: 3:55–6:21 · n=14
Advanced Metal Extractor5:41Middle 50%: 5:26–5:56 · n=14
Advanced Geothermal Powerplant7:19Middle 50%: 7:05–8:13 · n=12
Advanced Vehicle Plant9:00Middle 50%: 8:39–11:21 · n=11
Starlight9:33Middle 50%: 9:09–11:15 · n=10

Played most by

Viltrum4games of this buildUsurpeR2games of this build_Hawkey_1game of this build[Grump]Glorp_TTV1game of this build0neTw01game of this build